 Dungeon Crawl Stone Soup version 0.27.1-1-g398f81649c (webtiles) character file.

Game seed: 3062628219343060977

1018 ZARRMARR the Sneak (level 8, -2/54 HPs)
             Began as an Octopode Conjurer on Sept 10, 2021.
             Slain by Eustachio (10 damage)
             ... on level 6 of the Dungeon.
             The game lasted 00:18:36 (7656 turns).

ZARRMARR the Sneak (Octopode Conjurer)              Turns: 7656, Time: 00:18:36

Health: -2/54      AC:  1    Str:  7    XL:     8   Next: 22%
Magic:  0/14       EV: 15    Int: 22    God:
Gold:   236        SH:  0    Dex: 16    Spells: 12/15 levels left

rFire    . . .     SeeInvis .   d - +2 dagger (elec)
rCold    . . .     Faith    .   (no shield)
rNeg     . . .     Spirit   .   (helmet restricted)
rPois    .         Reflect  .   (no amulet)
rElec    .         Harm     .   o - +6 ring of dexterity
rCorr    .         Rampage  .   (no ring)
Will     .....                  (no ring)
Stlth    ++++......             (no ring)
HPRegen  0.18/turn              (no ring)
MPRegen  0.14/turn              (no ring)
                                (no ring)
                                (no ring)

@: no status effects
A: almost no armour, amphibious, 8 rings, camouflage 1, gelatinous body 1,
(nimble swimmer 1), tentacles
a: no special abilities


You were on level 6 of the Dungeon.
You visited 1 branch of the dungeon, and saw 6 of its levels.

You collected 236 gold pieces.

Inventory:

Hand Weapons
 d - a +2 dagger of electrocution (weapon)
Jewellery
 a - a ring of ice
 o - a +6 ring of dexterity (left tentacle)
Wands
 f - a wand of digging (7)
Scrolls
 c - 3 scrolls of fog
 h - 2 scrolls of identify
 i - a scroll of vulnerability
 n - a scroll of enchant armour {unknown}
Potions
 b - 4 potions of heal wounds {unknown}
 e - 4 potions of lignification {unknown}
 g - a potion of magic {unknown}
 j - a potion of ambrosia {unknown}
 k - 2 potions of might {unknown}
 l - a potion of attraction {unknown}
 m - a potion of brilliance {unknown}
 p - a potion of degeneration {unknown}


   Skills:
 + Level 3.9 Fighting
 + Level 4.5 Dodging
 + Level 6.4 Stealth
 + Level 4.1 Spellcasting
 + Level 5.7 Conjurations


You had 12 spell levels left.
You knew the following spells:

 Your Spells              Type           Power      Damage    Failure   Level
a - Magic Dart            Conj           100%       1d8       1%          1
b - Searing Ray           Conj           58%        3d5       1%          2

Your spell library contained the following spells:

 Spells                   Type           Power      Damage    Failure   Level
 Dazzling Flash           Conj/Hex       34%        N/A       10%         3
 Beastly Appendage        Tmut           8%         N/A       11%         1
 Mephitic Cloud           Conj/Pois/Air  13%        N/A       16%         3
 Call Imp                 Summ           4%         N/A       17%         2
 Wereblood                Tmut           4%         N/A       17%         2
 Ozocubu's Armour         Ice            4%         N/A       32%         3
 Spider Form              Tmut/Pois      2%         N/A       32%         3
 Fulminant Prism          Conj/Hex       8%         3d7       32%         4
 Iskenderun's Mystic Bla  Conj/Tloc      17%        2d5       32%         4
 Ozocubu's Refrigeration  Ice            2%         4d5       100%        7


Dungeon Overview and Level Annotations

Branches:
Dungeon (6/15)
 Temple: D:4-7

Altars:

Shops:
D:2 :   D:4 (

Annotations:
D:3 exclusion: downstairs
D:6 Eustachio


Innate Abilities, Weirdness & Mutations

You cannot wear most types of armour.
You are amphibious.
You can wear up to eight rings at the same time.
Your skin changes colour to match your surroundings (Stealth+).
Your rubbery body absorbs attacks. (AC +1, EV +1)
((You are camouflaged near water. (Stealth+)))
You have tentacles for arms and can constrict up to eight enemies at once.


Message History

Aim: Eustachio, wielding a +0 falchion and wearing a +3 leather armour of cold resistance (almost dead, 100% to hit)
The magic dart hits Eustachio but does no damage.
Eustachio is almost dead.
Eustachio casts a spell.
Eustachio blinks!
The crimson imp blinks!
The crimson imp barely misses you. Eustachio completely misses you.
The crimson imp blinks!
Things that are here:
a +0 mace; a +2 robe You closely miss Eustachio.
Your grab misses Eustachio. You squeeze Eustachio.
Eustachio is almost dead.
Eustachio completely misses you.
You miss Eustachio. Your grab misses Eustachio. You squeeze Eustachio.
Eustachio is almost dead.
Eustachio hits you with a +0 falchion!
Casting: Magic Dart (safe; 1% risk of failure)
Confirm with . or Enter, or press ? or * to list all spells.
Aiming: Magic Dart (safe; 1% risk of failure)
Press: ? - help, Shift-Dir - straight line, f/p - Eustachio
Aim: Eustachio, wielding a +0 falchion and wearing a +3 leather armour of cold resistance (almost dead, 100% to hit)
The magic dart hits Eustachio but does no damage.
Eustachio is almost dead.
Eustachio closely misses you. The crimson imp hits you.
You barely miss Eustachio. You grab Eustachio.
Eustachio is almost dead.
You constrict Eustachio, but do no damage.
Eustachio hits you with a +0 falchion!
* * * LOW HITPOINT WARNING * * *
The crimson imp hits you.
* * * LOW HITPOINT WARNING * * *
You hit Eustachio but do no damage.
Eustachio is almost dead.
You constrict Eustachio. Eustachio barely misses you.
The crimson imp misses you.
Unknown command.
You completely miss Eustachio.
Eustachio is almost dead.
You constrict Eustachio. Eustachio hits you with a +0 falchion!
You die...

#...# #...####.. #...#
#.........
#########...#####.........
##..........>...)'.........
#.......####.#####.........
#.......####.# #...######
#.......##...#########
#.......##@......>@.
#.......##@..#######
#.........5?.#
##+####......# #......#
########


You could see Eustachio and a crimson imp (summoned).

Vanquished Creatures
  Sigmund (D:5)
  A necrophage (D:5)
  3 ogres
  A phantom (D:6)
  Blork the orc (D:6)
  A water moccasin skeleton (D:5)
  An iguana (D:6)
  2 orc wizards (D:5)
  A hound skeleton (D:4)
  A howler monkey zombie (D:6)
  4 adders
  7 gnolls (D:3)
  A white imp (D:5)
  An adder skeleton (D:5)
  A dart slug (D:1)
  15 orcs
  9 ball pythons
  9 bats
  5 endoplasms
  4 giant cockroaches
  6 goblins
  11 hobgoblins
  3 jackals (D:2)
  4 quokkas (D:2)
  2 frilled lizards
  10 kobolds
  11 rats
116 creatures vanquished.

Vanquished Creatures (others)
  5 plants (D:6)
5 creatures vanquished.

Grand Total: 121 creatures vanquished

Notes
Turn   | Place    | Note
-------+----------+-------------------------------------------
     0 | D:1      | ZARRMARR the Octopode Conjurer began the quest for the Orb.
     0 | D:1      | Reached XP level 1. HP: 11/11 MP: 3/3
   177 | D:1      | Found a faded altar of an unknown god.
   182 | D:1      | Reached XP level 2. HP: 18/18 MP: 3/5
   231 | D:1      | Reached skill level 3 in Stealth
   926 | D:1      | Reached XP level 3. HP: 22/22 MP: 4/6
  1136 | D:2      | Reached skill level 1 in Fighting
  1871 | D:2      | Found Caoseb's Book Shoppe.
  1903 | D:2      | Reached XP level 4. HP: 28/28 MP: 1/7
  2747 | D:3      | Reached skill level 4 in Stealth
  2826 | D:3      | Reached XP level 5. HP: 22/34 MP: 1/9
  4389 | D:4      | Noticed an ogre
  4516 | D:4      | Killed an ogre
  4517 | D:4      | Reached XP level 6. HP: 15/41 MP: 1/10
  5102 | D:4      | Found Hoep's Weapon Boutique.
  5547 | D:5      | Entered Level 5 of the Dungeon
  5739 | D:5      | Reached skill level 5 in Stealth
  5739 | D:5      | Reached skill level 5 in Conjurations
  5796 | D:5      | Noticed Sigmund
  5801 | D:5      | Learned a level 2 spell: Searing Ray
  6052 | D:5      | Noticed a necrophage
  6057 | D:5      | Killed a necrophage
  6058 | D:5      | Reached XP level 7. HP: 46/46 MP: 5/12
  6853 | D:6      | Noticed Eustachio
  6981 | D:5      | Killed Sigmund
  6982 | D:5      | Reached skill level 6 in Stealth
  7297 | D:6      | Reached XP level 8. HP: 43/54 MP: 2/14
  7446 | D:6      | Noticed Blork the orc
  7464 | D:6      | Killed Blork the orc
  7656 | D:6      | Slain by Eustachio

Illustrated notes

Levels and vault maps discovered:
D:1:      dpeg_arrival_arbitrary_b, layout_basic,
          shapermc_ecumenical_altar_mp_ritualfount
D:2:      minmay_chambers_of_ones, layout_rooms, serial_shops,
          nicolae_square_shop, minmay_cupped
D:3:      layout_loops_ring, serial_co_window_serial, co_window_corner_a,
          co_window_corner_a, co_window_paths_b, co_window_paths_a,
          co_window_paths_a, co_window_of_opportunity_b, co_window_broadway_c,
          co_window_of_opportunity_b, co_window_paths_c, co_window_sun,
          co_window_4corner_b, glass_columns_c, glass_columns_a,
          glass_columns_a, glass_columns_a, hangedman_abyss_or_decor_lesser_grid
D:4:      layout_loops_cross, serial_shops, nicolae_shop_statue_plus
D:5:      layout_loops_ring, minmay_misc_feat_plants, uniq_sigmund
D:6:      layout_basic, minmay_temple_entry_overgrown, uniq_menkaure,
          uniq_blork_the_orc, uniq_prince_ribbit1, uniq_eustachio

Skill      XL: |  1  2  3  4  5  6  7 |
---------------+----------------------+-----
Stealth        | 3 4 5 6 |  6.4
Fighting       | 1 2 3 |  3.9
Dodging        | 3 4 |  4.5
Spellcasting   | 3 4 |  4.1
Conjurations   | 5 |  5.7

Action                   |  1- 3 |  4- 6 |  7- 9 || total
-------------------------+-------+-------+-------++-------
Melee: Unarmed           |     7 |       |       ||     7
       Constrict         |     1 |     6 |     1 ||     8
       Dagger            |       |    27 |     8 ||    35
       Tentacles         |       |     2 |     2 ||     4
 Cast: Magic Dart        |    80 |   143 |    19 ||   242
       Searing Ray       |       |     1 |    17 ||    18
  Use: Scroll            |       |     2 |     1 ||     3
 Stab: Sleeping          |       |     3 |       ||     3
Armor: Skin              |     2 |       |       ||     2
Dodge: Dodged            |    10 |    23 |    15 ||    48
